 Dungeon Crawl Stone Soup version 0.28-a0-1505-g8c907de6ad (webtiles) character file.

Game seed: 8646806969270435508

1435 wakim the Cudgeller (level 8, -1/68 HPs)
             Began as a Palentonga Fighter on Jan 13, 2022.
             Slain by a two-headed ogre (28 damage)
             ... on level 6 of the Dungeon.
             The game lasted 00:24:28 (6014 turns).

wakim the Cudgeller (Palentonga Fighter)            Turns: 6014, Time: 00:24:29

Health: -1/68      AC: 22    Str: 20    XL:     8   Next: 45%
Magic:  8/8        EV:  5    Int:  8    God:
Gold:   347        SH:  4    Dex: 12    Spells: 7/7 levels left

rFire   . . .      SeeInvis +   a - +2 mace (venom)
rCold   . . .      Faith    .   c - +0 buckler
rNeg    . . .      Spirit   .   W - +0 chain mail
rPois   .          Reflect  .   (no helmet)
rElec   .          Harm     .   L - +0 cloak
rCorr   .          Rampage  .   Y - +0 pair of gloves
Will    +....                   (no barding)
Stlth   ..........              (no amulet)
HPRegen 0.21/turn               P - ring of willpower
MPRegen 0.11/turn               V - +4 ring of protection

@: curled up
A: large, rugged brown scales 3, see invisible, deformed body, roll 1, armoured
tail, reflexive curl
a: Rolling Charge


You were on level 6 of the Dungeon.
You visited 2 branches of the dungeon, and saw 7 of its levels.

You collected 347 gold pieces.

Inventory:

Hand Weapons
 a - a +2 mace of venom (weapon)
 b - a +0 whip of holy wrath
Missiles
 G - 69 arrows
Armour
 c - a +0 buckler (worn)
 L - a +0 cloak (worn)
 W - a +0 chain mail (worn)
 Y - a +0 pair of gloves (worn)
Jewellery
 M - a ring of resist corrosion
 P - a ring of willpower (left hand)
 T - a ring of flight
 U - an amulet of faith
 V - a +4 ring of protection (right hand)
 Z - a ring of protection from fire
Wands
 v - a wand of flame (19)
 x - a wand of charming (6)
 y - a wand of paralysis (11)
Scrolls
 Q - 2 scrolls of immolation {!r!r}
 X - 2 scrolls of fog
Potions
 A - a potion of ambrosia
 B - a potion of attraction {!q}
 C - a potion of mutation {unknown}
 E - 2 potions of cancellation
 F - 5 potions of curing
 I - 2 potions of invisibility
 J - 4 potions of heal wounds
 K - a potion of degeneration {unknown}
 N - 3 potions of might
 O - 2 potions of resistance
 R - a potion of brilliance {unknown}


   Skills:
 + Level 6.0 Fighting
 * Level 7.7 Maces & Flails
 + Level 5.0 Armour
 - Level 2.4 Shields


You had 7 spell levels left.
You didn't know any spells.
Your spell library contained the following spells:

 Spells                   Type           Power      Damage    Failure   Level
 Magic Dart               Conj           0%         1d3       99%         1
 Summon Small Mammal      Summ           0%         N/A       99%         1
 Call Imp                 Summ           0%         N/A       100%        2
 Call Canine Familiar     Summ           0%         N/A       100%        3
 Confusing Touch          Hex            0%         N/A       100%        3
 Mephitic Cloud           Conj/Pois/Air  0%         N/A       100%        3
 Summon Guardian Golem    Hex/Summ       0%         N/A       100%        3
 Blade Hands              Tmut           0%         N/A       100%        5
 Irradiate                Conj/Tmut      0%         3d13      100%        5
 Yara's Violent Unravell  Hex/Tmut       0%         3d3       100%        5
 Dragon Form              Tmut           0%         N/A       100%        7
 Enfeeble                 Hex            0%         N/A       100%        7


Dungeon Overview and Level Annotations

Branches:
Dungeon (6/15)             Temple (1/1) D:5

Altars:
Ashenzari
Cheibriados
Dithmenos
Elyvilon
Fedhas
Gozag
Kikubaaqudgha
Makhleb
Okawaru
Sif Muna
Trog
Uskayaw
Vehumet
Wu Jian
Xom
Zin
The Shining One

Shops:
D:1 :

Annotations:
D:2 1 runed translucent door, exclusion: door, Crazy Yiuf


Innate Abilities, Weirdness & Mutations

You are completely covered in rugged brown scales. (AC +3, +7% HP)
You have supernaturally acute eyesight. (SInv)
Armour fits poorly on your strangely shaped body.
You can roll at nearby foes to attack.
You have a long armoured tail.
You curl defensively after being hit. (AC +7*)


Message History

You block the hornet's attack.
The hornet stings you but does no damage.
You thump the hornet!
The hornet is poisoned.
Your tail-slap misses the hornet.
The hornet is moderately wounded.
You feel sick. You block the hornet's attack. The hornet stings you.
You feel yourself slow down.
You hit the hornet.
The hornet looks as sick as possible!
The hornet is moderately wounded.
You feel sick. The hornet stings you!
You are more poisoned.
You suddenly lose the ability to move!
The hornet stings you but does no damage.
You feel very sick.
You kill the hornet!
Your Fighting skill increases to level 6!
Your Armour skill increases to level 5!
You feel yourself speed up.
You feel very sick.
You can move again.
You start resting.
You feel sick. x8
You are no longer poisoned.
You start resting.
HP restored.
You see here a hornet corpse.
A two-headed ogre comes into view.
It is wielding a +0 giant club and a +0 giant spiked club.
The two-headed ogre shouts in stereo!
You roll forward with a clatter of scales!
You closely miss the two-headed ogre.
The two-headed ogre hits you with a +0 giant club!!
The two-headed ogre closely misses you.
Unknown command.
You hit the two-headed ogre but do no damage.
The two-headed ogre is poisoned.
The two-headed ogre hits you with a +0 giant club!
The two-headed ogre hits you with a +0 giant spiked club!
* * * LOW HITPOINT WARNING * * *
You thump the two-headed ogre!
The two-headed ogre looks even sicker.
The two-headed ogre is moderately wounded.
The two-headed ogre hits you with a +0 giant club!!
You die...

#.##..#..# #....###
#.###.#..### ###.#...##
####.###......# #...#.#...
#.......#..##.# #.###...#.
#.......#.)##.# #..####.##
#.......##.##.# ##..###.##
#.......#.....## ##....>.#
#.......#.##...## ####...#
#.........@O....## #####
#.......#.##.....##########
#.......#.##.##.........)..
#.......###......##........
#.......###.........#######
##########.......#### #####
#........# ###$....
#........###...#...
#................##


You could see a two-headed ogre (very poisoned).

Vanquished Creatures
  Grinder (D:5)
  A hornet (D:6)
  An ice beast (D:6)
  A sky beast (D:5)
  A necrophage (D:5)
  A black bear (D:5)
  The ghost of ThreePoint314 the Conjurer, an amateur DrCj (D:4)
  A centaur (D:5)
  A phantom (D:2)
  Blork the orc (D:4)
  An orc priest (D:3)
  A centaur skeleton (D:5)
  A gnoll shaman (D:5)
  An ogre zombie (D:5)
  A hound skeleton (D:4)
  8 gnolls
  7 adders
  An orc zombie (D:5)
  A white imp (D:6)
  2 ufetubi
  An adder skeleton (D:4)
  3 worms
  A dart slug (D:1)
  9 orcs
  9 ball pythons
  5 endoplasms
  2 giant cockroaches
  7 goblins
  6 hobgoblins
  6 jackals
  8 kobolds
  3 quokkas (D:1)
  5 bats
  3 frilled lizards
  2 rats (D:1)
104 creatures vanquished.

Notes
Turn   | Place    | Note
-------+----------+-------------------------------------------
     0 | D:1      | wakim the Palentonga Fighter began the quest for the Orb.
     0 | D:1      | Reached XP level 1. HP: 19/19 MP: 1/1
   110 | D:1      | Reached XP level 2. HP: 25/25 MP: 2/2
   122 | D:1      | Found Geuhama's Book Shop.
   201 | D:1      | Found a faded altar of an unknown god.
   955 | D:2      | Reached skill level 3 in Maces & Flails
   955 | D:2      | Reached XP level 3. HP: 14/31 MP: 3/3
  1344 | D:2      | Noticed a phantom
  1364 | D:2      | Killed a phantom
  1365 | D:2      | Reached XP level 4. HP: 14/39 MP: 4/4
  1769 | D:2      | Found an ornate altar of the Wu Jian Council.
  1920 | D:2      | Found a runed translucent door.
  1921 | D:2      | Noticed Crazy Yiuf
  2074 | D:3      | Reached skill level 4 in Maces & Flails
  2074 | D:3      | Reached XP level 5. HP: 44/44 MP: 5/5
  2136 | D:3      | !bestwep
  2266 | D:3      | !bestwep
  2615 | D:4      | Reached XP level 6. HP: 51/51 MP: 6/6
  2617 | D:4      | !bestwep
  2617 | D:4      | Noticed Blork the orc
  2626 | D:4      | Killed Blork the orc
  2627 | D:4      | Reached skill level 5 in Maces & Flails
  2661 | D:4      | You fall into a shaft and drop 2 floors!
  2726 | D:5      | Entered Level 5 of the Dungeon
  2737 | D:5      | Found a transporter.
  2862 | D:4      | Found a runed translucent door.
  2862 | D:4      | Noticed ThreePoint314's ghost (amateur DrCj)
  3373 | D:4      | Killed ThreePoint314's ghost
  3374 | D:4      | Gained mutation: You curl defensively after being hit. (AC
                  | +7*) [Palentonga growth]
  3374 | D:4      | Reached XP level 7. HP: 45/58 MP: 7/7
  3669 | D:4      | !bestwep
  3996 | D:5      | Reached skill level 6 in Maces & Flails
  4008 | D:5      | Identified the +6 dagger "Onwoho" {distort, *Noise Dex+3}
  4079 | D:5      | !bestwep
  4093 | D:5      | Reached skill level 5 in Fighting
  4211 | D:5      | Noticed Grinder
  4231 | D:5      | Killed Grinder
  4232 | D:5      | Reached XP level 8. HP: 58/67 MP: 8/8
  4405 | D:5      | Found a staircase to the Ecumenical Temple.
  4425 | Temple   | Entered the Ecumenical Temple
  4756 | D:5      | Found a transporter.
  4783 | D:5      | Reached skill level 7 in Maces & Flails
  5354 | D:5      | !bestwep
  5656 | D:6      | Found a hide-covered altar of Uskayaw.
  5778 | D:6      | Noticed a hornet
  5782 | D:6      | Paralysed by a hornet for 3 turns
  5783 | D:6      | Killed a hornet
  5784 | D:6      | Reached skill level 5 in Armour
  5997 | D:6      | Noticed a two-headed ogre
  6014 | D:6      | Slain by a two-headed ogre

Illustrated notes #...........<.....#...#...# #..........#......#.......# ####.#........#..###.#...#.# #...........###....#.......# .......##..####..###...#...# ##..#.)..(####...###.......# ##.#..####.........######### #...†.# #.###.#.### #...>.####...#.#@# ..........##.#$#o# .<##.#..#.# ...#.# .##..##... ...oo ....## #..# ...... .... ..# ....... ..>. #.. .......(# .... ..#...)..... ... #....######.. Turn 2136 on D:3: !bestwep .............##.... .........>. ##.#....... #.......... #.#..#...) ..........###..#....## .... ............... #... ..####>.#...#. #..# #.## #..##.... #..#####..###..###.#. #...@..#.......###.#. #....####)...<......#... #.......).#.......#.#... #..#..####.#######.#..... ... #.. #...## #..##.... .. #.. ###..###.###.#.. # .g. ##.#.......#.. S.. ######...#.##### # .........##.# Turn 2266 on D:3: !bestwep ..#.# ..#.# ..... #.#.# # #.#.# ## #.#.#.## #...#.#.#..#####... ........S..@......( ####.#.##...$..... #.######..... ########.# #..# #........# ## #.######## #.#..# #.#..##### ...#....#...# Turn 2617 on D:4: !bestwep ################ ........>.......# .....###.######(##### .##..#.......○○○@)..# .#...#.#.######.###.# .#...#.#.# ...# .....#.#.# #### #........##. ....#....... #.#....#.. ####...#.[ ##..# Turn 3669 on D:4: !bestwep ........+..# #.#.# .>[.....##.# #.#.# ........##.###.#.# ...#...........#.# ...##......#####.# .. #.......# #.# +.......# #.# #.......# #.# #....@#######.# #.............# #...############ ..... ... .. . Turn 4079 on D:5: !bestwep

#.....................#+# ###.#
###........#.#....###....# ###'#
#.......#....#..©.# #....#####⌠.⌠
#.......#############.......[#.>.
#.......# #☼.°°○.○#....#####⌠.⌠
######### #°○.°○○.#....# #####
#°○#©#.°#....# ###.#
#.☼...○.#....# #.#
#..#@#.○#....######.#
#○...)○°##...........
####°○☼####...........
#.°☼°○.○..##....##.... ##########
#☼.○°.°○○○#........... .........#
#°○°...○○.#....#...... .........#
#°○.$$$○○○#........... .........#
#○°°=©(°○°#...........
.........#############...........


Turn 5354 on D:5: !bestwep

Levels and vault maps discovered:
D:1:      scummos_arrival_simple_crosswalls, layout_loops_ring, serial_shops,
          shop, shapermc_ecumenical_altar_mp_ritualfount
D:2:      layout_loops_cross, basic_altar, minmay_box_of_dots,
          uniq_crazy_yiuf_cottage
D:3:      layout_rooms, amethyst_killhole, kennysheep_generic_room_10
D:4:      layout_basic, hellmonk_ghost_happy_afterlife,
          minmay_fractal_squares_gapless_5, uniq_blork_the_orc
D:5:      gammafunk_cloud_chamber, layout_basic, temple_doors_e, uniq_grinder
D:6:      layout_rooms, mainiacjoe_overflow_paths, lemuel_tele_altar
Temple:   nicolae_temple_x_marks_the_god

Skill      XL: |  1  2  3  4  5  6  7  8 |
---------------+-------------------------+-----
Maces & Flails | 3 4 5 6 7 |  7.7
Armour         | 3 4 5 |  5.0
Fighting       | 4 5 6 |  6.0
Shields        | |  2.4

Action                   |  1- 3 |  4- 6 |  7- 9 || total
-------------------------+-------+-------+-------++-------
Melee: Flail             |   105 |    51 |       ||   156
       Tailslap          |    12 |    29 |    17 ||    58
       Mace              |       |    59 |    50 ||   109
       Dagger            |       |    36 |    30 ||    66
       Whip              |       |    14 |    41 ||    55
 Abil: Rolling Charge    |    23 |    26 |    17 ||    66
  Use: Scroll            |     3 |     3 |     7 ||    13
       Potion            |       |       |     1 ||     1
Armor: Scale mail        |    57 |    67 |    26 ||   150
       Skin              |       |    11 |       ||    11
       Chain mail        |       |       |    34 ||    34
Dodge: Dodged            |    37 |    53 |    27 ||   117
Block: Buckler           |    17 |    17 |    21 ||    55

Table legend: (Time is in decaauts)
 A = Elapsed time spent in this place.
 B = Non-inter-level travel time spent in this place.
 C = Inter-level travel time spent in this place.
 D = Time resting spent in this place.
 E = Time spent auto-exploring this place.
 F = Levels seen in this place.
 G = Mean time per level.
                   A        B        C        D        E       F      G
               +--------+--------+--------+--------+--------+-----+--------+
         Total |   6065 |   5827 |    238 |   1048 |   3203 |   7 |  866.4 |
       Dungeon |   5979 |   5742 |    237 |   1048 |   3156 |   6 |  996.5 |
        Temple |     85 |     84 |      1 |      0 |     47 |   1 |   85.0 |
               +--------+--------+--------+--------+--------+-----+--------+

Top non-repeatable levels by time:
     D:5: 1564 daAuts
     D:2: 1213 daAuts
     D:3: 944 daAuts
     D:1: 872 daAuts
     D:4: 859 daAuts
     D:6: 526 daAuts
  Temple: 85 daAuts
